 Dungeon Crawl Stone Soup version 0.19-a0-2013-g488b080 (webtiles) character file.

13032 severenz the Nimble (level 11, -19/88 HPs)
             Began as a Demigod Wanderer on Jan 18, 2017.
             Killed from afar by a fire dragon (29 damage)
             ... with a blast of flame
             ... on level 10 of the Dungeon.
             The game lasted 00:38:42 (13492 turns).

severenz the Nimble (Demigod Wanderer)             Turns: 13492, Time: 00:38:42

Health: -19/88     AC:  8    Str: 13    XL:     11   Next: 43%
Magic:  14/14      EV: 22    Int: 18    God:
Gold:   686        SH:  3    Dex: 21    Spells: 10/10 levels left

rFire  . . .     SeeInvis +     C - +6 great sword of the Old World {slice, *Slow rElec SInv}
rCold  + + .     Faith    .     p - +1 leather armour {rPois}
rNeg   . . .     Spirit   .     (shield currently unavailable)
rPois  +         Reflect  +     D - +2 hat
rElec  +                        r - +0 cloak
rCorr  .                        y - +0 pair of gloves
MR     +....                    (no boots)
Stlth  ++........               x - +3 amulet of reflection
                                k - ring of ice
                                s - ring of ice

@: very slightly contaminated, hasted, very quick
A: high mp 1
a: no special abilities


You were on level 10 of the Dungeon.
You were not hungry.

You visited 1 branch of the dungeon, and saw 10 of its levels.

You collected 686 gold pieces.

Inventory:

Hand Weapons
 d - a +0 dagger
 g - a +3 short sword
 n - a +0 quarterstaff
 t - a +0 hand axe of electrocution
 z - a +0 falchion of electrocution
 C - the +6 great sword of the Old World (weapon) {slice, *Slow rElec SInv}
   (You found it on level 8 of the Dungeon)

   It inflicts extra damage upon your enemies.
   It insulates you from electricity.
   It lets you see invisible.
   It may slow you when you take damage.
Missiles
 e - 2900 stones (quivered)
 m - 53 javelins
 u - a poisoned tomahawk
 E - 3 tomahawks
Armour
 a - a +2 scale mail
 p - a +1 leather armour of poison resistance (worn)
 r - a +0 cloak (worn)
 y - a +0 pair of gloves (worn)
 D - a +2 hat (worn)
Jewellery
 k - a ring of ice (right hand)
 o - an uncursed amulet of regeneration
 s - a ring of ice (left hand)
 x - a +3 amulet of reflection (around neck)
Wands
 j - a wand of flame (13/24)
 w - a wand of paralysis (9/18)
 A - a wand of lightning (0/15)
 G - a wand of acid (6/15)
Scrolls
 b - 4 scrolls of teleportation
 c - a scroll of magic mapping
 i - 4 scrolls of enchant armour
 l - 2 scrolls of recharging
 q - a scroll of fear
Potions
 f - 2 potions of haste
 h - 2 potions of might
 F - a potion of flight
Books
 v - a book of Alchemy

   Spells                             Type                      Level
   a - Sublimation of Blood           Necromancy                   2
   b - Ignite Poison                  Fire/Transmutation           3
   c - Petrify                        Transmutation/Earth          4
   d - Alistair's Intoxication        Transmutation                5
   e - Irradiate                      Conjuration/Transmutation    5
 B - a book of the Sky

   Spells                             Type                      Level
   a - Summon Lightning Spire         Summoning/Air                4
   b - Airstrike                      Air                          4
   c - Silence                        Hexes/Air                    5
   d - Deflect Missiles               Charms/Air                   6
   e - Conjure Ball Lightning         Conjuration/Air              6
   f - Tornado                        Air                          9


   Skills:
 - Level 5.5 Fighting
 + Level 9.7 Long Blades
 - Level 5.4 Axes
 - Level 1.0 Bows
 - Level 3.6 Armour
 + Level 11.9 Dodging
 - Level 1.0 Stealth
 - Level 1.0 Evocations


You had 10 spell levels left.
You didn't know any spells.

Dungeon Overview and Level Annotations

Branches:
Dungeon (10/15)            Temple (0/1) D:7             Orc (0/2) D:8
   Lair: D:-1         Crypt: Vaults:-1     Tomb: Vaults:-1

Shops:
D:5 }


Innate Abilities, Weirdness & Mutations

You have an increased reservoir of magic. (+10% MP)


Message History

You hit the fire dragon (3).
The fire dragon is lightly wounded.
The fire dragon bites you (14)! The fire dragon claws you (3).
The fire dragon tramples you but does no damage.
You barely miss the fire dragon.
The fire dragon is lightly wounded.
The fire dragon bites you (9)!
* * * LOW HITPOINT WARNING * * *
The fire dragon misses you.
The fire dragon tramples you but does no damage.
You feel yourself speed up. The fire dragon completely misses you.
The fire dragon claws you (8)!
* * * LOW HITPOINT WARNING * * *
The fire dragon tramples you (2).
* * * LOW HITPOINT WARNING * * *
You stumble backwards!
You are very lightly contaminated with residual magic.
The fire dragon breathes flames at you. The blast of flame hits you!
You die...

.. .... .. ... #... ..
...###..##. ..........
......... ######
.........###P...#
..#.#.#.D#.P..P.#########
......#..##....P.#...#..P
.....#..@.#PP....#.......
..........#####P.........
.....#....#..............
.......<...........†.....
...................†.....
.....#...................
..........#..............
.........#.....P##.+#.P'#
..P###..........(........


You could see a fire dragon.

Vanquished Creatures
  Fannar (D:10)
  A hydra (D:9)
  A two-headed ogre (D:9)
  An orc high priest (D:10)
  Pikel (D:5)
  A spiny frog (D:9)
  A rime drake (D:9)
  A troll (D:9)
  Prince Ribbit (D:8)
  2 dream sheep (D:9)
  Sigmund (D:3)
  3 wyverns
  13 yaks
  A basilisk (D:10)
  2 angry ghosts
  A water moccasin (D:6)
  An ice beast (D:7)
  3 black bears
  6 orc warriors
  2 phantoms (D:8)
  2 wasps (D:10)
  5 ogres
  3 centaurs (D:9)
  2 crocodiles (D:10)
  3 big kobolds (D:9)
  A bullfrog (D:7)
  A wyvern zombie (D:9)
  A wyvern skeleton (D:10)
  A water moccasin skeleton (D:7)
  A scorpion (D:4)
  4 troll zombies (D:8)
  8 killer bees
  5 howler monkeys
  5 crimson imps
  3 quasits
  3 centaur zombies
  2 jellies
  9 orc priests
  A bullfrog skeleton (D:7)
  8 hounds
  6 orc wizards
  Jessica (D:2)
  3 iguanas
  Ijyb (D:3)
  5 worker ants
  4 ogre zombies (D:8)
  3 hound skeletons (D:4)
  3 gnolls
  9 river rats (D:6)
  7 adders
  7 shadow imps
  An ooze (D:4)
  An adder skeleton (D:4)
  A dart slug (D:1)
  5 leopard geckos
  25 orcs
  4 giant cockroaches
  9 goblins
  13 hobgoblins
  10 jackals
  3 quokkas
  3 bats
  9 frilled lizards
  4 goblin zombies (D:8)
  2 hobgoblin skeletons (D:8)
  3 hobgoblin zombies (D:8)
  6 kobolds
  2 orc skeletons (D:8)
  14 orc zombies (D:8)
  18 rats
294 creatures vanquished.

Vanquished Creatures (others)
  A fungus (D:10)
1 creature vanquished.

Grand Total: 295 creatures vanquished

Notes
Turn   | Place    | Note
-------+----------+-------------------------------------------
     0 | D:1      | severenz the Demigod Wanderer began the quest for the Orb.
     0 | D:1      | severenz set off with: a +2 scale mail, a scroll of teleportation, a potion of curing, a +0 dagger
     0 | D:1      | Reached XP level 1. HP: 17/17 MP: 3/3
   274 | D:1      | Reached XP level 2. HP: 22/25 MP: 5/5
   306 | D:1      | Found a sparkling altar of Nemelex Xobeh.
   972 | D:2      | Reached skill level 1 in Dodging
   988 | D:2      | Noticed Jessica
   999 | D:2      | Killed Jessica
   999 | D:2      | Reached XP level 3. HP: 16/31 MP: 6/6
  1258 | D:2      | Reached skill level 2 in Dodging
  1518 | D:2      | Reached XP level 4. HP: 33/38 MP: 7/7
  1906 | D:2      | Found an iron altar of Okawaru.
  1989 | D:3      | Noticed Sigmund
  2000 | D:3      | Killed Sigmund
  2000 | D:3      | Reached skill level 3 in Dodging
  2000 | D:3      | Reached XP level 5. HP: 21/46 MP: 8/8
  2532 | D:3      | Noticed Ijyb
  2545 | D:3      | Killed Ijyb
  2608 | D:3      | Reached XP level 6. HP: 40/53 MP: 9/9
  2663 | D:3      | Found a faded altar of an unknown god.
  2739 | D:3      | Reached skill level 4 in Dodging
  3048 | D:4      | Reached skill level 5 in Fighting
  3254 | D:4      | Reached XP level 7. HP: 42/61 MP: 10/10
  3456 | D:4      | Reached skill level 5 in Dodging
  4053 | D:5      | Entered Level 5 of the Dungeon
  4074 | D:5      | Found Jixamos's Quality Used Wands.
  4075 | D:5      | Noticed Pikel
  4121 | D:5      | Killed Pikel
  4121 | D:5      | Reached skill level 6 in Dodging
  4121 | D:5      | Reached XP level 8. HP: 51/69 MP: 11/11
  4430 | D:5      | Found a glowing golden altar of the Shining One.
  4439 | D:5      | Found a glowing silver altar of Zin.
  4529 | D:5      | Reached skill level 7 in Dodging
  4909 | D:6      | Reached skill level 5 in Axes
  5656 | D:6      | Reached skill level 1 in Long Blades
  6417 | D:7      | Reached XP level 9. HP: 70/74 MP: 12/12
  6518 | D:7      | Found a staircase to the Ecumenical Temple.
  6581 | D:7      | Reached skill level 8 in Dodging
  7499 | D:8      | Found a staircase to the Orcish Mines.
  7723 | D:8      | Noticed Prince Ribbit
  7726 | D:8      | Got the +6 great sword of the Old World {slice, *Slow rElec SInv}
  8035 | D:8      | Reached skill level 9 in Dodging
  8054 | D:8      | Killed Prince Ribbit
  8054 | D:8      | Reached skill level 5 in Long Blades
  9625 | D:8      | Reached XP level 10. HP: 73/81 MP: 13/13
 10221 | D:9      | Noticed a two-headed ogre
 10251 | D:9      | Killed a two-headed ogre
 10252 | D:9      | Reached skill level 10 in Dodging
 11950 | D:9      | Reached skill level 11 in Dodging
 12020 | D:9      | Reached XP level 11. HP: 28/88 MP: 14/14
 12301 | D:9      | Noticed a two-headed hydra
 12309 | D:9      | Killed a two-headed hydra
 12671 | D:10     | Entered Level 10 of the Dungeon
 12787 | D:10     | Noticed Fannar
 12822 | D:10     | Killed Fannar
 13060 | D:10     | Noticed an orc high priest
 13070 | D:10     | Killed an orc high priest
 13484 | D:10     | Noticed a fire dragon
 13492 | D:10     | Killed from afar by a fire dragon

Vault maps used:
D:1:      roderic_crossed_star, nemelex_diamond_rough_becter
D:2:      okawaru_altar_gauntlet_db, first_bread, kennysheep_generic_room_8,
          uniq_jessica
D:3:      ecumenical_altar_1, uniq_iyjb, uniq_sigmund
D:5:      grunt_temple_overflow_open, hangedman_decor_opposing,
          nicolae_for_you_no_charge, uniq_pikel
D:6:      dk_rats_in_the_wall
D:8:      zombieorc2_lemuel, uniq_prince_ribbit1
D:9:      hangedman_ranch
D:10:     minmay_lizard_king, uniq_fannar

Skill      XL: |  1  2  3  4  5  6  7  8  9 10 11 |
---------------+----------------------------------+-----
Fighting       | 2 3 4 5 |  5.5
Dodging        | 1 2 3 4 6 7 9 11 | 11.9
Axes           | 4 5 |  5.4
Long Blades    | 1 5 8 9 |  9.7
Bows           | |  1.0
Armour         | |  3.6
Stealth        | |  1.0
Evocations     | |  1.0

Action                   |  1- 3 |  4- 6 |  7- 9 | 10-12 || total
-------------------------+-------+-------+-------+-------++-------
Melee: Dagger            |    39 |       |       |       ||    39
       Short sword       |   111 |    23 |       |       ||   134
       Quarterstaff      |       |   189 |    33 |       ||   222
       Hand axe          |       |       |   210 |       ||   210
       Falchion          |       |       |   488 |   229 ||   717
       Great sword       |       |       |       |   234 ||   234
Throw: Stone             |       |       |     1 |     3 ||     4
Evoke: Wand              |       |       |     1 |     8 ||     9
  Use: Potion            |       |     1 |     6 |     4 ||    11
 Stab: Paralysed         |       |       |     7 |     9 ||    16
       Sleeping          |       |       |     1 |       ||     1
       Invisible         |       |       |       |     2 ||     2
Armor: Scale mail        |    63 |   128 |   168 |       ||   359
       Leather armour    |       |       |    40 |    61 ||   101
Dodge: Dodged            |    79 |   137 |   497 |   318 ||  1031
Block: Other             |       |       |    61 |    41 ||   102
       Reflection        |       |       |       |     3 ||     3
